 Seeded DCSS version 0.31-a0-819-gf6de2f5ab6 (webtiles) character file.

Game seed: 20230923 (custom seed)

56 Danienth the Digger (level 3, -4/19 HPs)
             Began as a Gargoyle Earth Elementalist on Sept 23, 2023.
             Killed by divine providence
             ... invoked by an orc priest
              (13 damage)
             ... on level 3 of the Dungeon.
             The game lasted 00:09:29 (2252 turns).

Danienth the Digger (Gargoyle Earth Elementalist)   Turns: 2252, Time: 00:09:29

Health: -4/19      AC:  8    Str: 11    XL:     3   Next: 95%
Magic:  0/6        EV: 12    Int: 15    God:
Gold:   141        SH:  0    Dex: 12    Spells: 5/6 levels left

rFire   . . .        u - +1 sling (flame)
rCold   . . .        (no shield)
rNeg    + . .        a - +0 robe
rPois   ∞            p - +2 hat
rElec   +            (no cloak)
rCorr   .            n - +0 pair of gloves
SInv    .            (no boots)
Will    .....        (no amulet)
Stlth   ++           (no ring)
HPRegen 0.23/turn    (no ring)
MPRegen 0.10/turn

%: no passive effects
@: no status effects
A: sickness immunity, AC +3, negative energy resistance 1, electricity
resistance, torment resistance 1, petrification resistance
a: no special abilities


You were on level 3 of the Dungeon.
You visited 1 branch of the dungeon, and saw 3 of its levels.

You collected 141 gold pieces.

Inventory:

Hand Weapons
 u - a +1 sling of flaming (weapon)
Missiles
 k - 10 poisoned darts
Armour
 a - a +0 robe (worn)
 n - a +0 pair of gloves (worn)
 p - a +2 hat (worn)
 v - the +1 robe "Mupaum" {rElec rCorr Dex-4}
   (You found it on level 3 of the Dungeon)

   Dex-4:     It affects your dexterity (-4).
   rElec:     It insulates you from electricity.
   rCorr:     It protects you from acid and corrosion.
Magical Staves
 d - a staff of air
Talismans
 g - a serpent talisman
 o - a maw talisman
Scrolls
 h - a scroll of teleportation {unknown}
 i - a scroll of blinking {unknown}
 j - 2 scrolls of amnesia {unknown}
 q - 2 scrolls of identify {unknown}
 s - a scroll of acquirement {unknown}
 t - a scroll of vulnerability {unknown}
Potions
 b - a potion of magic
 c - 2 potions of curing
 e - a potion of attraction {unknown}
 f - 3 potions of heal wounds {unknown}
 m - a potion of brilliance {unknown}
 r - 2 potions of enlightenment {unknown}


   Skills:
 + Level 2.5 Ranged Weapons
 - Level 1.5 Dodging
 - Level 2.1 Stealth
 - Level 2.4 Spellcasting
 - Level 0.7 Transmutations
 - Level 4.1 Earth Magic


You had 5 spell levels left.
You knew the following spells:

 Your Spells              Type           Power      Damage    Failure   Level
a - Sandblast             Erth           28%        2d8       3%          1

Your spell library contained the following spells:

 Spells                   Type           Power      Damage    Failure   Level
 Passwall                 Tmut/Erth      7%         N/A       12%         2
 Stone Arrow              Conj/Erth      16%        3d8       26%         3
 Petrify                  Tmut/Erth      9%         N/A       61%         4
 Brom's Barrelling Bould  Conj/Erth      8%         2d3       65%         4


Dungeon Overview and Level Annotations

Branches:
Dungeon (3/15)

Altars:

Shops:
D:2 [


Innate Abilities, Weirdness & Mutations

You are immune to sickness and miasma.
Your stone body is resilient. (AC +3)
You are immune to poison.
You resist negative energy. (rN+)
You are resistant to electric shocks. (rElec)
You are resistant to unholy torment.
You are immune to petrification.


Message History

Confirm with . or Enter, or press ? or * to list all spells.
You don't have enough magic to cast this spell.
Unknown command.
You shoot a sling bullet.
The sling bullet hits the orc priest but does no damage.
The orc priest hits you with a +0 hand axe.
You shoot a sling bullet.
The sling bullet hits the orc priest but does no damage.
The orc priest barely misses you.
You shoot a sling bullet. The sling bullet hits the orc priest.
The sling bullet burns the orc priest.
The orc priest is heavily wounded.
The orc priest calls down the wrath of Beogh upon you.
Pain shoots through your body! The orc priest barely misses you.
Casting: Sandblast (safe; 3% risk of failure)
Confirm with . or Enter, or press ? or * to list all spells.
Aiming: Sandblast (safe; 3% risk of failure)
Press: ? - help, Shift-Dir - straight line, f/p - orc priest
Aim: an orc priest, wielding a +0 hand axe and wearing a +0 leather armour (heavily wounded, 82% to hit)
The blast of sand hits the orc priest.
The orc priest is almost dead.
The orc priest hits you with a +0 hand axe.
* * * LOW HITPOINT WARNING * * *
It was a potion of curing.
You feel better.
The orc priest mumbles some strange prayers to Beogh against you.
You barely resist.
Casting: Sandblast (safe; 3% risk of failure)
Confirm with . or Enter, or press ? or * to list all spells.
You don't have enough magic to cast this spell.
You are too injured to fight recklessly!
Fire: u) +1 sling (flame)
Press: ? - help, Shift-Dir - straight line, f/p - orc priest
Aim: an orc priest, wielding a +0 hand axe and wearing a +0 leather armour (almost dead, 56% to hit)
You shoot a sling bullet.
The sling bullet barely misses the orc priest.
The orc priest closely misses you.
The orc priest invokes the aid of Beogh against you.
Beogh smites you!
Ouch! That really hurt!
You die...

############
#######
#..$.)o.o..#
....[.. ## #
#o## ######.
###.##.##@#
####
......##.####.#
#...
#.#.........)#
#.##
#..##.#####.#
#.##
##...######.
#.##
#..........
#.##
#..#######. #.#
#..# #.## ##.#
#..# #..# #..#


You could see an orc priest.

Vanquished Creatures
  2 dart slugs (D:2)
  3 orcs (D:3)
  3 ball pythons
  7 endoplasms
  4 giant cockroaches
  3 goblins
  4 hobgoblins
  3 jackals (D:2)
  3 kobolds
  3 bats
  A frilled lizard (D:1)
  7 rats
43 creatures vanquished.

Notes
Turn   | Place    | Note
-------+----------+-------------------------------------------
     0 | D:1      | Danienth the Gargoyle Earth Elementalist began the quest
                  | for the Orb.
     0 | D:1      | Reached XP level 1. HP: 10/10 MP: 3/3
   349 | D:1      | Reached skill level 4 in Earth Magic
   349 | D:1      | Reached XP level 2. HP: 15/15 MP: 3/5
  1102 | D:2      | Reached skill level 1 in Ranged Weapons
  1151 | D:2      | Reached XP level 3. HP: 19/19 MP: 4/6
  1212 | D:2      | Found a faded altar of an unknown god.
  1474 | D:2      | Found Sito's Armour Shop.
  2022 | D:3      | Identified the +1 robe "Mupaum" {rElec rCorr Dex-4}
  2252 | D:3      | Killed from afar by an orc priest

Illustrated notes

Levels and vault maps discovered:
D:1:      dpeg_arrival_three_smaller_balls, layout_basic
D:2:      layout_loops_corners, serial_shops, shop,
          dreamdust_ecumenical_altar_grove
D:3:      layout_loops_ring

Skill      XL: |  1  2  3 |
---------------+----------+-----
Earth Magic    | 4 |  4.1
Ranged Weapons | 1 2 |  2.5
Dodging        | |  1.5
Stealth        | |  2.1
Spellcasting   | |  2.4
Transmutations | |  0.7

Action                     || total
---------------------------++-------
   Fire: Sling             ||    72
   Cast: Sandblast         ||    38
    Use: Potion            ||     1
 Armour: Robe              ||    25
  Dodge: Dodged            ||    14

Table legend: (Time is in decaauts)
 A = Elapsed time spent in this place.
 B = Non-inter-level travel time spent in this place.
 C = Inter-level travel time spent in this place.
 D = Time resting spent in this place.
 E = Time spent auto-exploring this place.
 F = Levels seen in this place.
 G = Mean time per level.
                   A        B        C        D        E       F      G
               +--------+--------+--------+--------+--------+-----+--------+
         Total |   2293 |   2220 |     73 |     78 |   1844 |   3 |  764.3 |
       Dungeon |   2293 |   2220 |     73 |     78 |   1844 |   3 |  764.3 |
               +--------+--------+--------+--------+--------+-----+--------+

Top non-repeatable levels by time:
     D:1: 1047 daAuts
     D:2: 874 daAuts
     D:3: 370 daAuts
